 Dungeon Crawl Stone Soup version 0.29-a0-11-ga75d3d97ab (webtiles) character file.

Game seed: 6339605248878467879

13049 bande the Cleaver (level 12, -10/73 HPs)
             Began as a Gargoyle Fighter on Jan 29, 2022.
             Was a High Priest of Okawaru.
             Mangled by Snorg (12 damage)
             ... on level 10 of the Dungeon.
             The game lasted 00:31:37 (17361 turns).

bande the Cleaver (Gargoyle Fighter)               Turns: 17361, Time: 00:31:38

Health: -10/73     AC: 38    Str: 26    XL:     12   Next: 1%
Magic:  0/16       EV:  7    Int: 14    God:    Okawaru [*****.]
Gold:   419        SH:  5    Dex: 13    Spells: 11/11 levels left

rFire   . . .      SeeInvis +   a - +0 war axe (protect)
rCold   . . .      Faith    .   c - +0 buckler
rNeg    + . .      Spirit   +   m - +0 plate armour
rPois   ∞          Reflect  .   e - +1 helmet
rElec   +          Harm     .   p - +1 cloak
rCorr   .          Rampage  .   (no gloves)
Will    .....                   s - +0 pair of boots
Stlth   ..........              n - amulet of guardian spirit
HPRegen 0.22/turn               y - ring of see invisible
MPRegen 0.15/turn               z - +6 ring of strength

@: under a protective aura, attractive, unable to read
A: sickness immunity, AC +8, negative energy resistance 1, electricity
resistance, torment resistance 1, petrification resistance, iridescent scales 1,
clever 2, inability to read while threatened, MP-powered wands
a: Renounce Religion, Heroism, Finesse, Duel


You were on level 10 of the Dungeon.
You worshipped Okawaru.
Okawaru was extremely pleased with you.
You visited 2 branches of the dungeon, and saw 11 of its levels.

You collected 545 gold pieces.
You spent 126 gold pieces at shops.

Inventory:

Hand Weapons
 a - a +0 war axe of protection (weapon)
 d - a +0 war axe
 v - a +2 flail of protection
Armour
 c - a +0 buckler (worn)
 e - a +1 helmet (worn)
 m - a +0 plate armour (worn)
 p - a +1 cloak (worn)
 s - a +0 pair of boots (worn)
Jewellery
 g - a ring of fire
 n - an amulet of guardian spirit (around neck)
 r - a ring of wizardry
 u - an amulet of magic regeneration
 y - a ring of see invisible (left hand)
 z - a +6 ring of strength (right hand)
Wands
 k - a wand of iceblast (15)
 o - a wand of acid (6)
 w - a wand of flame (6)
Scrolls
 b - 5 scrolls of fear
 h - 5 scrolls of teleportation
 q - a scroll of fog
 t - 2 scrolls of amnesia
 x - a scroll of blinking
 A - 2 scrolls of identify
 B - a scroll of magic mapping {unknown}
Potions
 f - 2 potions of haste
 i - 4 potions of magic
 l - a potion of attraction


   Skills:
 + Level 8.1 Fighting
 + Level 11.0 Axes
 + Level 9.0 Armour
 + Level 6.9 Shields
 * Level 6.4 Invocations
 * Level 6.6 Evocations


You had 11 spell levels left.
You didn't know any spells.
Your spell library contained the following spells:

 Spells                   Type           Power      Damage    Failure   Level
 Magic Dart               Conj           0%         1d3       98%         1
 Pain                     Necr           0%         1d4       98%         1
 Ensorcelled Hibernation  Hex/Ice        0%         N/A       99%         2
 Passwall                 Tmut/Erth      0%         N/A       99%         2
 Searing Ray              Conj           0%         2d4       99%         2
 Ignite Poison            Fire/Tmut/Pois 0%         N/A       100%        3
 Mephitic Cloud           Conj/Pois/Air  0%         N/A       100%        3
 Swiftness                Air            0%         N/A       100%        3
 Anguish                  Hex/Necr       0%         N/A       100%        4
 Fulminant Prism          Conj/Hex       0%         3d6       100%        4
 Agony                    Necr           0%         N/A       100%        5
 Excruciating Wounds      Necr           0%         N/A       100%        5
 Freezing Cloud           Conj/Ice/Air   0%         6-21      100%        5
 Enfeeble                 Hex            0%         N/A       100%        7
 Tukima's Dance           Hex            Unusable   N/A       N/A         3

Dungeon Overview and Level Annotations

Branches:
Dungeon (10/15)            Temple (1/1) D:7             Orc (0/2) D:10
   Lair: D:8-11

Altars:
Ashenzari
Cheibriados
Elyvilon
Gozag
Hepliaklqana
Kikubaaqudgha
Makhleb
Nemelex Xobeh
Okawaru
Qazlal
Ru
Sif Muna
Wu Jian
Xom
Yredelemnul
Zin
The Shining One
Beogh

Shops:
D:3 (   D:5 [   D:6 =   D:10 *

Annotations:
D:10 Snorg


Innate Abilities, Weirdness & Mutations

You are immune to sickness and miasma.
Your stone body is resilient. (AC +8)
You are immune to poison.
You resist negative energy. (rN+)
You are resistant to electric shocks. (rElec)
You are resistant to unholy torment.
You are immune to petrification.
You are partially covered in iridescent scales. (AC +2)
Your mind is very acute. (Int +4)
You sometimes lose the ability to read scrolls when taking damage.
You expend magic power (3 MP) to strengthen your wands.


Message History

You feel better. You block Snorg's attack.
Snorg claws you but does no damage. x2
Snorg closely misses you. Snorg claws you but does no damage. x2
You hit Snorg.
Snorg is almost dead.
Snorg bites you. Snorg claws you but does no damage. Snorg barely misses you.
You hit Snorg.
Snorg is almost dead.
Snorg bites you!
* * * LOW HITPOINT WARNING * * *
Snorg claws you.
* * * LOW HITPOINT WARNING * * *
Snorg claws you but does no damage. Snorg bites you.
* * * LOW HITPOINT WARNING * * *
You block Snorg's attack. Snorg claws you but does no damage.
It was a potion of attraction.
You feel attractive to monsters. Snorg barely misses you.
Snorg closely misses you. Snorg claws you.
* * * LOW HITPOINT WARNING * * *
Okay, then.
You cannot read scrolls in your current state!
You closely miss Snorg.
Snorg is almost dead.
Snorg barely misses you. Snorg closely misses you. You block Snorg's attack.
You hit Snorg.
Snorg is almost dead.
Snorg bites you but does no damage. Snorg claws you but does no damage.
You block Snorg's attack. Snorg bites you but does no damage.
Snorg closely misses you. Snorg claws you.
* * * LOW HITPOINT WARNING * * *
You closely miss Snorg.
Snorg is almost dead.
Snorg bites you but does no damage. Snorg claws you.
* * * LOW HITPOINT WARNING * * *
Snorg claws you but does no damage. Snorg bites you but does no damage.
Snorg claws you but does no damage. x2
You hit Snorg.
Snorg is almost dead.
Snorg bites you but does no damage. Snorg claws you but does no damage.
Snorg claws you!
You die...

#############
#...........# ########
#...........# #......#
............####......#
..............##T.....#
............#..#@.....#
...#...........'......#
##.#...#......##......+
...###.#...#..##......#
#....)###.#...#.....?#
#...#.....###.###..###
###.#...#.....###.###
....###.# ..####....#
.#.....###.# #....#


You could see Snorg (berserk).

Vanquished Creatures
  2 two-headed ogres (D:9)
  The ghost of Cecur the Magician, a novice DrAE (D:7)
  A deep elf pyromancer (D:9)
  A manticore (D:8)
  A cyclops (D:8)
  The ghost of Bediveer the Skirmisher, a novice MiFi of Hepliaklqana (D:4)
  Joseph (D:10)
  A troll (D:9)
  A polar bear (D:7)
  Prince Ribbit (D:8)
  6 slime creatures
  A dream sheep (D:7)
  Sigmund (D:2)
  5 hogs
  10 yaks
  5 wyverns
  A steam dragon (D:6)
  2 acid dragons
  A water moccasin (D:7)
  An ice beast (D:7)
  6 black bears
  4 orc warriors
  3 necrophages
  A wolf (D:8)
  2 ogres
  A centaur (D:6)
  A phantom (D:5)
  3 kobold brigands
  Blork the orc (D:5)
  2 bullfrogs
  2 wyvern zombies
  A scorpion (D:5)
  A water moccasin zombie (D:7)
  Dowan (D:5)
  5 killer bees (D:9)
  A wight (D:7)
  4 howler monkeys
  A lava snake (D:10)
  9 centaur zombies
  A bullfrog zombie (D:6)
  2 hounds
  A human zombie (D:7)
  2 orc priests
  A gnoll shaman (D:6)
  A jelly (D:8)
  A bullfrog skeleton (D:6)
  An iguana (D:5)
  6 orc wizards
  A scorpion zombie (D:5)
  A killer bee zombie (D:9)
  A hound zombie (D:5)
  4 howler monkey zombies
  3 gnolls (D:6)
  6 adders
  A shadow imp (D:6)
  3 ufetubi
  An adder skeleton (D:5)
  3 worms
  2 dart slugs
  29 orcs
  6 bats
  4 endoplasms
  3 giant cockroaches
  9 goblins
  4 hobgoblins
  2 jackals (D:3)
  4 quokkas
  6 ball pythons
  5 frilled lizards
  18 kobolds
  5 rats
230 creatures vanquished.

Vanquished Creatures (others)
  Duvessa (D:5)
  4 toadstools (D:1)
5 creatures vanquished.

Grand Total: 235 creatures vanquished

Notes
Turn   | Place    | Note
-------+----------+-------------------------------------------
     0 | D:1      | bande the Gargoyle Fighter began the quest for the Orb.
     0 | D:1      | Reached XP level 1. HP: 14/14 MP: 1/1
    88 | D:1      | Reached XP level 2. HP: 19/19 MP: 2/2
   110 | D:1      | Found a faded altar of an unknown god.
   439 | D:1      | Reached skill level 2 in Axes
   937 | D:1      | Gained mutation: You are covered in fur. (AC +1) [potion of
                  | mutation]
   937 | D:1      | Gained mutation: You sometimes lose the ability to read
                  | scrolls when taking damage. [potion of mutation]
   937 | D:1      | Gained mutation: You are somewhat resistant to further
                  | mutation. [potion of mutation]
  1018 | D:2      | Reached XP level 3. HP: 24/24 MP: 3/3
  1244 | D:2      | Reached XP level 4. HP: 27/29 MP: 4/4
  1595 | D:2      | Noticed Sigmund
  1616 | D:2      | Killed Sigmund
  1617 | D:2      | Reached skill level 3 in Axes
  1617 | D:2      | Reached XP level 5. HP: 10/33 MP: 5/5
  1617 | D:2      | Reached XP level 6. HP: 12/38 MP: 6/6
  1992 | D:3      | Lost mutation: You are somewhat resistant to further
                  | mutation. [potion of mutation]
  1992 | D:3      | Lost mutation: You are covered in fur. (AC +1) [potion of
                  | mutation]
  1992 | D:3      | Gained mutation: You are partially covered in iridescent
                  | scales. (AC +2) [potion of mutation]
  1992 | D:3      | Gained mutation: You have hidden genetic potential. [potion
                  | of mutation]
  1992 | D:3      | Gained mutation: Your mind is acute. (Int +2) [potion of
                  | mutation]
  2072 | D:3      | Reached skill level 4 in Axes
  2206 | D:3      | Found Etzemp's Antique Weapon Boutique.
  2258 | D:3      | Found a sparkling altar of Nemelex Xobeh.
  3109 | D:4      | Noticed a necrophage
  3118 | D:4      | Killed a necrophage
  3432 | D:4      | Found a snail-covered altar of Cheibriados.
  3592 | D:5      | Entered Level 5 of the Dungeon
  3626 | D:5      | Noticed Duvessa
  3628 | D:5      | Noticed Dowan
  3652 | D:5      | Killed Duvessa
  3653 | D:5      | Reached skill level 5 in Armour
  3653 | D:5      | Reached skill level 1 in Evocations
  3653 | D:5      | Reached XP level 7. HP: 10/44 MP: 1/7
  3654 | D:5      | Killed Dowan
  3655 | D:5      | Reached skill level 5 in Axes
  3663 | D:5      | Gained mutation: You expend magic power (3 MP) to
                  | strengthen your wands. [hidden potential]
  4026 | D:5      | Found Eteniucs's Armour Shop.
  4065 | D:5      | Found a runed translucent gate.
  4065 | D:5      | Identified the +8 whip "Saptonim" {venom, Dex+2}
  4065 | D:5      | Identified the +0 leather armour "Hison" {rCorr Dex+4}
  4065 | D:5      | Noticed Bediveer's ghost (novice MiFi)
  4066 | D:5      | Found a runed translucent gate.
  4067 | D:5      | Found a runed translucent gate.
  4144 | D:5      | Noticed Blork the orc
  4161 | D:5      | Killed Blork the orc
  4967 | D:5      | Reached XP level 8. HP: 47/48 MP: 8/8
  5128 | D:4      | Killed Bediveer's ghost
  5129 | D:4      | Reached skill level 5 in Fighting
  5129 | D:4      | Reached skill level 6 in Axes
  5134 | D:4      | Gained mutation: Your mind is very acute. (Int +4) [hidden
                  | potential]
  5134 | D:4      | Lost mutation: You have hidden genetic potential. [hidden
                  | potential expressed]
  5987 | D:6      | Reached skill level 5 in Shields
  6149 | D:6      | Reached skill level 7 in Axes
  6149 | D:6      | Reached XP level 9. HP: 34/54 MP: 4/9
  7414 | D:6      | Found Warch's Jewellery Shop.
  7763 | D:7      | Found a staircase to the Ecumenical Temple.
  7772 | Temple   | Entered the Ecumenical Temple
  7792 | Temple   | Became a worshipper of Warmaster Okawaru
  7813 | D:7      | Found a runed translucent door.
  7914 | D:7      | Reached skill level 1 in Invocations
  8244 | D:7      | Reached * piety under Okawaru
  8416 | D:7      | Reached skill level 8 in Axes
  8504 | D:7      | Found an opulent altar of Gozag.
  8608 | D:7      | Found a glowing silver altar of Zin.
  8608 | D:7      | Noticed an angel
  8678 | D:7      | Found an ancient bone altar of Kikubaaqudgha.
  8806 | D:7      | Noticed Cecur's ghost (novice DrAE)
  8881 | D:7      | Killed Cecur's ghost
  8882 | D:7      | Reached XP level 10. HP: 26/61 MP: 2/12
  9385 | D:8      | Noticed Prince Ribbit
  9386 | D:8      | Found a huge runed translucent gate.
  9386 | D:8      | Found a huge runed translucent gate.
  9386 | D:8      | Found a huge runed translucent gate.
  9386 | D:8      | Found a huge runed translucent gate.
  9387 | D:8      | Noticed a manticore
  9400 | D:8      | Killed Prince Ribbit
  9400 | D:8      | Reached ** piety under Okawaru
  9401 | D:8      | Reached skill level 9 in Axes
  9607 | D:8      | Noticed a cyclops
  9623 | D:8      | Killed a cyclops
  9624 | D:8      | Reached skill level 5 in Evocations
 10299 | D:8      | Found a sacrificial altar of Ru.
 11059 | D:8      | Found a stormy altar of Qazlal.
 11449 | D:7      | Reached *** piety under Okawaru
 12116 | D:8      | Killed a manticore
 12117 | D:8      | Reached XP level 11. HP: 23/67 MP: 5/14
 12496 | D:8      | Reached skill level 10 in Axes
 12496 | D:8      | Reached skill level 5 in Invocations
 12531 | D:8      | Reached **** piety under Okawaru
 12617 | D:9      | Noticed a two-headed ogre
 12632 | D:9      | Killed a two-headed ogre
 14025 | D:9      | Found a broken altar of Ashenzari.
 14252 | D:9      | Noticed a two-headed ogre
 14270 | D:9      | Killed a two-headed ogre
 14270 | D:9      | Reached ***** piety under Okawaru
 14925 | D:9      | Noticed a deep elf pyromancer
 14946 | D:9      | Killed a deep elf pyromancer
 15042 | D:9      | Received a gift from Okawaru
 15210 | D:9      | Found an ornate altar of the Wu Jian Council.
 15691 | D:10     | Entered Level 10 of the Dungeon
 15691 | D:10     | Found Vyistod's Assorted Antiques.
 15735 | D:10     | Bought a glowing hand axe for 126 gold pieces
 17087 | D:10     | Found a staircase to the Orcish Mines.
 17125 | D:10     | Noticed Joseph
 17139 | D:10     | Killed Joseph
 17145 | D:10     | Reached skill level 11 in Axes
 17145 | D:10     | Reached XP level 12. HP: 58/73 MP: 12/16
 17335 | D:10     | Noticed Snorg
 17360 | D:10     | HP: 2/73 [Snorg (5)]
 17361 | D:10     | Mangled by Snorg

Illustrated notes

Levels and vault maps discovered:
D:1:      ldierk_walled_garden_2, layout_rooms,
          hellmonk_ecumenical_altar_lost_god,
          amcnicky_mini_rare_corridor_liquid, chequers_serial_rivers_large_b
D:2:      layout_loops_ring, minmay_tetromino_l2, uniq_sigmund
D:3:      layout_rooms, nemelex_xobeh_ov_fountains_minmay, serial_shops, shop
D:4:      layout_cave_pools, chei_slow_surprise
D:5:      layout_loops_ring, biasface_ghost_orc_armoury, serial_shops,
          nicolae_take_the_stairs, kennysheep_generic_room_4,
          uniq_blork_the_orc, uniq_duvessa
D:6:      layout_basic, serial_shops, nicolae_square_shop, chequers_jeans,
          kennysheep_path_1
D:7:      layout_cave_pools, lemuel_mausoleum_altar_kikubaaqudgha,
          mainiacjoe_overflow_alcove_2, zin_angel,
          minmay_temple_entry_large_hall, ebering_ghost_reflecting_pool
D:8:      lemuel_bear_cage, layout_loops_ring,
          mainiacjoe_overflow_surrounded_room, grunt_qazlal_sundering,
          st_stairs_2, minmay_sticks_and_stones, uniq_prince_ribbit1
D:9:      layout_irregular_city, mainiacjoe_overflow_brackets,
          mainiacjoe_overflow_catwalk
D:10:     layout_roguey, orc_0_dummy, kennysheep_small_spiral,
          nicolae_stop_n_shop_1, hangedman_decor_points, uniq_joseph, uniq_snorg
Temple:   dshaligram_water_room_temple

Skill      XL: |  1  2  3  4  5  6  7  8  9 10 11 |
---------------+----------------------------------+-----
Axes           | 2 3 4 5 7 8 9 11 | 11.0
Fighting       | 4 5 6 7 8 |  8.1
Armour         | 4 5 6 7 8 9 |  9.0
Shields        | 4 5 6 |  6.9
Evocations     | 1 2 3 4 5 6 |  6.6
Invocations    | 3 4 6 |  6.4

Action                   |  1- 3 |  4- 6 |  7- 9 | 10-12 || total
-------------------------+-------+-------+-------+-------++-------
Melee: War axe           |    70 |   129 |   448 |   463 ||  1110
  Use: Scroll            |     3 |     4 |     2 |     4 ||    13
       Potion            |     1 |     2 |     8 |     4 ||    15
Armor: Scale mail        |    53 |    70 |       |       ||   123
       Chain mail        |       |    31 |   365 |    34 ||   430
       Skin              |       |       |    24 |       ||    24
       Plate armour      |       |       |       |   524 ||   524
Dodge: Dodged            |    36 |    71 |   167 |   229 ||   503
Block: Buckler           |    19 |    34 |   110 |   178 ||   341

Table legend: (Time is in decaauts)
 A = Elapsed time spent in this place.
 B = Non-inter-level travel time spent in this place.
 C = Inter-level travel time spent in this place.
 D = Time resting spent in this place.
 E = Time spent auto-exploring this place.
 F = Levels seen in this place.
 G = Mean time per level.
                   A        B        C        D        E       F      G
               +--------+--------+--------+--------+--------+-----+--------+
         Total |  17631 |  17510 |    121 |   8874 |   5283 |  11 | 1602.8 |
       Dungeon |  17599 |  17478 |    121 |   8874 |   5283 |  10 | 1759.9 |
        Temple |     31 |     31 |      0 |      0 |      0 |   1 |   31.0 |
               +--------+--------+--------+--------+--------+-----+--------+

Top non-repeatable levels by time:
     D:7: 3026 daAuts
     D:8: 2920 daAuts
     D:5: 2380 daAuts
     D:9: 1796 daAuts
    D:10: 1650 daAuts
     D:6: 1519 daAuts
     D:4: 1277 daAuts
     D:1: 1032 daAuts
     D:2: 1023 daAuts
     D:3: 974 daAuts
  Temple: 31 daAuts
